 Dungeon Crawl Stone Soup version 0.25-a0-435-g4b9beb1024 (webtiles) character file.

Game seed: 11317496590903328142, levelgen mode: deterministic

273 MirrMurr the Covert (level 6, 0/28 HPs)
             Began as a Spriggan Enchanter on Jan 29, 2020.
             Killed from afar by an orc wizard (7 damage)
             ... with a puff of flame
             ... on level 4 of the Dungeon.
             The game lasted 00:10:53 (5217 turns).

MirrMurr the Covert (Spriggan Enchanter)            Turns: 5217, Time: 00:10:53

Health: 0/28       AC:  2    Str: 10    XL:     6   Next: 2%
Magic:  7/11       EV: 18    Int: 17    God:
Gold:   223        SH:  0    Dex: 16    Spells: 1/10 levels left

rFire    . . .     SeeInvis +   a - +1 dagger
rCold    . . .     Gourm    .   (shield restricted)
rNeg     . . .     Faith    .   b - +0 robe
rPois    .         Spirit   .   (helmet restricted)
rElec    .         Reflect  .   (no cloak)
rCorr    .         Harm     .   (gloves unavailable)
MR       +....                  (boots unavailable)
Stlth    ++++......             (no amulet)
HPRegen  0.09/turn              u - +4 ring of strength
MPRegen  0.12/turn              (no ring)

@: very quick
A: very small, unfitting armour, see invisible, herbivore, speed 3, slow
metabolism 2
a: no special abilities


You were on level 4 of the Dungeon.
You were not hungry.

You visited 1 branch of the dungeon, and saw 4 of its levels.

You collected 223 gold pieces.

Inventory:

Hand Weapons
 a - a +1 dagger (weapon)
Missiles
 d - 175 stones (quivered)
 j - 6 boomerangs
 l - 22 poisoned darts
Armour
 b - a +0 robe (worn)
Jewellery
 u - a +4 ring of strength (left hand)
Wands
 n - a wand of acid (6)
Scrolls
 e - a scroll of enchant armour {unknown}
 k - a scroll of fog {unknown}
 p - 2 scrolls of magic mapping
 r - 2 scrolls of remove curse
 v - a scroll of blinking {unknown}
Potions
 f - a potion of berserk rage
 g - a potion of cancellation {unknown}
 h - 3 potions of flight
 i - a potion of lignification {unknown}
 m - a potion of degeneration {unknown}
 o - 2 potions of might
 q - a potion of heal wounds
 s - a potion of brilliance {unknown}
 t - a potion of magic {unknown}
Comestibles
 c - 2 rations


   Skills:
 + Level 4.7 Short Blades
 - Level 3.0 Dodging
 - Level 8.0 Stealth
 - Level 2.6 Spellcasting
 - Level 3.6 Hexes


You had one spell level left.
You knew the following spells:

 Your Spells              Type           Power        Failure   Level  Hunger
a - Ensorcelled Hibernat  Hex/Ice        #.....       13%         2    ##.....
b - Confusing Touch       Hex            ##......     12%         3    ###....
c - Tukima's Dance        Hex            ##......     12%         3    ###....
C - Corona                Hex            ##.....      4%          1    #......

Your spell library contained the following spells:

 Spells                   Type           Power        Failure   Level  Hunger
 Dazzling Flash           Conj/Hex       #.....       26%         3    ###....


Dungeon Overview and Level Annotations

Branches:
Dungeon (4/15)
 Temple: D:4-7

Altars:
Zin

Annotations:
D:3 Robin


Innate Abilities, Weirdness & Mutations

You are very small and have problems with some larger weapons.
You are too small for most types of armour.
You have supernaturally acute eyesight. (SInv)
You are a herbivore.
You cover ground extremely quickly.
You need to consume almost no food.


Message History

Aim: an orc, wielding a +0 war axe (severely wounded, chance to defeat MR: 57%)
Okay, then.
You hit the orc but do no damage.
The orc is severely wounded.
You barely miss the orc.
The orc is severely wounded.
The orc completely misses you.
You barely miss the orc.
The orc is severely wounded.
The orc wizard gestures at you while chanting.
The magic dart hits you!
You are too injured to fight recklessly!
There is an open door here.
The orc wizard gestures at you while chanting.
The puff of flame hits you!
* * * LOW HITPOINT WARNING * * *
There is an open door here.
The orc wizard points at you and mumbles some strange words.
The puff of flame hits you!
You die...

##'##....+.....#,,,*,,,,,********
#........#.....#,..#,,,,,,,,,,,,*
+........#.....##..#,,,,,,,,,,,,*
#........#.....##..#,,,,,,,,,,,,*
.........ao....#...##****,,,,,,,*
.รท....[..#.....#....# *,,,,,,,*
.........#.o...#....# *,,,,,,,*
.....#+###.....#....# *********
#....#...#.....'@..#######
+....#..##.....##..#.....#
#....#..#########..#.....#
#....#..##.....#...'..)..#*******
#....#.........#...#.......,,,,,*
+....'.........#..(######..,,,,,*
#....#####.....#....# *,,,,,,,*
#....#..##.....##...# *,,,,,,,*
'....#..##.....##...# *********


You could see a worker ant, an orc wizard and an orc.

Vanquished Creatures
  An orc priest (D:3)
  Terence (D:3)
  2 worker ants
  7 adders
  2 oozes
  3 worms (D:3)
  2 dart slugs (D:2)
  3 leopard geckos
  6 orcs
  A ball python (D:3)
  3 giant cockroaches
  10 hobgoblins
  4 jackals
  2 quokkas (D:2)
  9 bats
  12 frilled lizards
  5 goblins
  6 kobolds
  8 rats
87 creatures vanquished.

Notes
Turn   | Place    | Note
-------+----------+-------------------------------------------
     0 | D:1      | MirrMurr the Spriggan Enchanter began the quest for the
                  | Orb.
     0 | D:1      | Reached XP level 1. HP: 9/9 MP: 5/5
   639 | D:1      | Reached XP level 2. HP: 13/13 MP: 6/6
   643 | D:1      | Learned a level 2 spell: Ensorcelled Hibernation
   717 | D:1      | Reached skill level 5 in Stealth
  1982 | D:2      | Reached XP level 3. HP: 16/16 MP: 8/8
  1992 | D:2      | Learned a level 3 spell: Confusing Touch
  2031 | D:2      | Reached skill level 6 in Stealth
  2383 | D:2      | Reached XP level 4. HP: 21/21 MP: 6/9
  3612 | D:3      | Reached skill level 7 in Stealth
  3612 | D:3      | Reached XP level 5. HP: 24/24 MP: 10/10
  3617 | D:3      | Learned a level 3 spell: Tukima's Dance
  3629 | D:3      | Noticed Terence
  3745 | D:3      | Killed Terence
  4376 | D:3      | Noticed Robin
  4687 | D:3      | Found a glowing silver altar of Zin.
  4688 | D:3      | Noticed an angel
  5050 | D:4      | Reached skill level 8 in Stealth
  5174 | D:4      | Reached XP level 6. HP: 28/28 MP: 11/11
  5217 | D:4      | Killed from afar by an orc wizard

Levels and vault maps discovered:
D:1:      noname_arrival_rooms_in_the_neighbourhood, layout_basic,
          minmay_3d_cube
D:2:      minmay_chambers_of_twos, layout_basic
D:3:      layout_loops_ring, zin_angel, uniq_robin, uniq_terence
D:4:      layout_gridville, uniq_crazy_yiuf_cottage

Skill      XL: |  1  2  3  4  5 |
---------------+----------------+-----
Stealth        | 5 6 7 8 |  8.0
Short Blades   | 2 3 4 |  4.7
Dodging        | |  3.0
Spellcasting   | |  2.6
Hexes          | |  3.6

Action                   |  1- 3 |  4- 6 || total
-------------------------+-------+-------++-------
Melee: Dagger            |   154 |   176 ||   330
 Cast: Ensorcelled Hiber |     9 |    34 ||    43
  Use: Scroll            |       |     6 ||     6
       Potion            |       |     1 ||     1
 Stab: Sleeping          |    12 |    37 ||    49
  Eat: Ration            |       |     3 ||     3
Armor: Robe              |     8 |    14 ||    22
Dodge: Dodged            |   108 |   148 ||   256

Table legend:
 A = Non-vault XP
 B = Vault XP
 C = Vault XP percentage of total XP
 D = Non-vault monster count
 E = Vault monster count
 F = Vault count percentage of total count
                 A         B        C        D         E       F
            +---------+---------+-------+---------+---------+-------
      Total |     297 |      93 |  23.8 |      73 |      14 |  16.1
            +---------+---------+-------+---------+---------+-------
        D:1 |      33 |       6 |  15.4 |      16 |       4 |  20.0
        D:2 |      77 |      49 |  38.9 |      26 |       8 |  23.5
        D:3 |     124 |      38 |  23.5 |      27 |       2 |   6.9
        D:4 |      63 |       0 |   0.0 |       4 |       0 |   0.0
            +---------+---------+-------+---------+---------+-------
